 Dungeon Crawl Stone Soup version 0.30-a0-122-g2a1322497e (webtiles) character file.

Game seed: 7755649670321414298

9027 pascalblue the Zephyrmancer (level 11, -4/54 HPs)
             Began as a Deep Elf Air Elementalist on Sept 15, 2022.
             Was a Priest of Sif Muna.
             Slain by a catoblepas (12 damage)
             ... while petrified by a catoblepas
             ... on level 10 of the Dungeon on Sept 16, 2022.
             The game lasted 00:51:26 (12918 turns).

pascalblue the Zephyrmancer (DEAE)                 Turns: 12918, Time: 00:51:26

Health: -4/54      AC: 14    Str:  5    XL:     11   Next: 17%
Magic:  24/28      EV:  2    Int: 32    God:    Sif Muna [***...]
Gold:   1477       SH:  0    Dex: 21    Spells: 22/32 levels left

rFire   + . .      SeeInvis .    f - +7 great mace "Undeadhunter" {disrupt, rN+}
rCold   . . .      Faith    .    (shield currently unavailable)
rNeg    + + +      Spirit   .    e - +2 robe {Will+}
rPois   ∞          Reflect  .    a - +0 helmet "Disch" {Harm Dex+6}
rElec   .          Harm     +    w - +0 cloak
rCorr   .          Rampage  .    F - +3 pair of gloves "Uliafiy" {rF+ Int+7}
Will    ++...                    (no boots)
Stlth   ++........               (no amulet)
HPRegen 0.18/turn                k - +4 ring of protection
MPRegen 0.21/turn                h - +4 ring of evasion

@: petrified
A: no striking features
a: Renounce Religion, Channel Magic, Forget Spell


You were on level 10 of the Dungeon.
You worshipped Sif Muna.
Sif Muna was most pleased with you.
You visited 1 branch of the dungeon, and saw 10 of its levels.
You also visited: Bailey.

You collected 1477 gold pieces.

Inventory:

Hand Weapons
 d - a +4 dagger of venom
 f - the +7 great mace "Undeadhunter" (weapon) {disrupt, rN+}
   (You took it off an orc warrior in a bailey)

   It inflicts significantly more damage against the undead.
   rN:        It protects you from negative energy.
 j - a +0 dagger of chaos
 y - the +6 falchion of the Battered Tables {distort, Dex+2}
   (You found it on level 4 of the Dungeon)

   It warps and distorts space around it, and may blink, banish, or inflict
   extra damage upon those it strikes.
   Unwielding it can cause banishment or high damage.
   Dex:       It affects your dexterity (+2).
Missiles
 i - 2 silver javelins
 s - 18 boomerangs
Armour
 a - the +0 helmet "Disch" (worn) {Harm Dex+6}
   (You acquired it in a bailey)

   Dex:       It affects your dexterity (+6).
   Harm:      It increases damage dealt and taken.
 e - a +2 robe of willpower (worn)
 w - a +0 cloak (worn)
 x - a +1 pair of gloves
 A - a +0 troll leather armour
 F - the +3 pair of gloves "Uliafiy" (worn) {rF+ Int+7}
   (You found it on level 5 of the Dungeon)

   Int:       It affects your intelligence (+7).
   rF:        It protects you from fire.
 M - a +1 helmet
Magical Staves
 J - a staff of fire
Jewellery
 h - a +4 ring of evasion (right hand)
 k - a +4 ring of protection (left hand)
 L - a ring of ice
Wands
 t - a wand of charming (2)
 u - a wand of digging (11)
 B - a wand of flame (17)
 G - a wand of roots (10)
Scrolls
 c - 2 scrolls of teleportation
 o - 3 scrolls of vulnerability
 C - a scroll of magic mapping
 E - 2 scrolls of blinking
 K - 2 scrolls of fog
Potions
 b - a potion of magic
 g - 2 potions of invisibility
 l - a potion of mutation
 m - 3 potions of brilliance
 n - 3 potions of curing
 p - 2 potions of flight
 q - 4 potions of berserk rage
 r - 5 potions of attraction
 v - 2 potions of might
 z - a potion of experience
 D - a potion of resistance {unknown}
 H - 3 potions of lignification {unknown}


   Skills:
 - Level 2.4 Dodging
 - Level 2.4 Stealth
 + Level 11.2 Spellcasting
 - Level 8.0 Conjurations
 * Level 12.2 Air Magic
 + Level 7.3 Invocations


You had 22 spell levels left.
You knew the following spells:

 Your Spells              Type           Power      Damage    Failure   Level
a - Shock                 Conj/Air       100%       1d9       1%          1
b - Static Discharge      Conj/Air       100%       3-10/arc  1%          2
c - Swiftness             Air            77%        N/A       1%          3
d - Airstrike             Air            38%        2d(6-22)  1%          4

Your spell library contained the following spells:

 Spells                   Type           Power      Damage    Failure   Level
 Ensorcelled Hibernation  Hex/Ice        36%        N/A       4%          2
 Spider Form              Tmut/Pois      18%        N/A       9%          3
 Anguish                  Hex/Necr       9%         N/A       26%         4


Dungeon Overview and Level Annotations

Branches:
Dungeon (10/15)            Temple (0/1) D:7            Lair (0/5) D:8
 Bailey (visited)
    Orc: D:9-12

Altars:
Ashenzari
Cheibriados
Fedhas
Gozag
Makhleb
Okawaru
Qazlal
Ru
Sif Muna
Trog
Vehumet
Yredelemnul
Zin
Jiyva

Shops:
D:3 :   D:6 *[   D:7 *

Annotations:
D:7 2 transporters, Juicyj's ghost, novice MiFi
D:10 1 transporter


Message History

The catoblepas is lightly wounded.
Casting: Shock (safe; 1% risk of failure)
Confirm with . or Enter, or press ? or * to list all spells.
The catoblepas is struck by an arc of lightning.
The catoblepas is lightly wounded.
You are struck by an arc of lightning.
The catoblepas is struck by an arc of lightning!
The catoblepas is moderately wounded.
The lightning grounds out.
The catoblepas breathes a plume of calcifying dust at you.
The blast of calcifying dust hits you.
Casting: Static Discharge (safe; 1% risk of failure)
Confirm with . or Enter, or press ? or * to list all spells.
The catoblepas is struck by an arc of lightning.
The catoblepas is moderately wounded.
You are struck by an arc of lightning.
The catoblepas is struck by an arc of lightning!
The catoblepas is heavily wounded.
You are struck by an arc of lightning.
The catoblepas is struck by an arc of lightning!
The catoblepas is heavily wounded.
You are struck by an arc of lightning.
The lightning grounds out.
You are engulfed in calcifying dust.
You are slowing down.
The catoblepas breathes a plume of calcifying dust at you.
The blast of calcifying dust hits you.
As you read the scroll of teleportation, it crumbles to dust.
You feel strangely unstable.
You are engulfed in calcifying dust.
Your limbs have turned to stone.
The catoblepas closely misses you.
The catoblepas breathes a plume of calcifying dust at you.
The blast of calcifying dust hits you.
You have turned to stone.
You are engulfed in calcifying dust.
The catoblepas gores you!!
* * * LOW HITPOINT WARNING * * *
Your surroundings seem slightly different.
The catoblepas snuffles in challenge.
The catoblepas gores you but does no damage.
The catoblepas gores you!
* * * LOW HITPOINT WARNING * * *
The catoblepas gores you!!
You die...

### ..# #####
#######################
#.###..>###.....@Y...............
#.##.....##..####...............#
.........##..................##..
#>##.....##..##..##########..####
#.###........##.#..##.##..#..#
#.####..###.###.#.#..#....#..####
#.#.(.......##..##.##.##.##......
..#.##..###.##..#..#.#.#.##..###(
##.#..............#..)###.#oY# #.


You could see a catoblepas.

Vanquished Creatures
  A death yak (D:8)
  An orc high priest (Bailey)
  A skeletal warrior (D:10)
  An ugly thing (D:8)
  An orc knight (Bailey)
  A kobold demonologist (Bailey)
  2 trolls
  A shadow (D:9)
  A wraith (D:10)
  7 yaks
  A vampire (D:10)
  3 wyverns
  2 steam dragons
  2 black bears
  7 orc warriors
  2 sky beasts (D:7)
  An ogre (D:6)
  A centaur (D:5)
  4 bullfrogs
  2 phantoms
  A gnoll sergeant (D:8)
  2 necrophages (D:5)
  7 scorpions
  3 killer bees (D:7)
  6 electric eels (Bailey)
  2 howler monkeys (D:7)
  3 hounds
  3 jellies
  4 orc priests
  A gnoll bouda (D:7)
  5 orc wizards
  Ijyb (D:5)
  3 iguanas
  A mummy (D:4)
  21 gnolls
  9 adders
  2 shadow imps
  3 ufetubi
  3 dart slugs
  26 orcs
  6 ball pythons
  8 endoplasms
  2 giant cockroaches
  21 goblins
  15 hobgoblins
  3 jackals (D:3)
  5 kobolds
  7 quokkas
  5 bats
  3 frilled lizards
  6 rats
229 creatures vanquished.

Vanquished Creatures (others)
  A yak (D:10)
1 creature vanquished.

Grand Total: 230 creatures vanquished

Notes
Turn   | Place    | Note
-------+----------+-------------------------------------------
     0 | D:1      | pascalblue the Deep Elf Air Elementalist began the quest
                  | for the Orb.
     0 | D:1      | Reached XP level 1. HP: 10/10 MP: 6/6
   122 | D:1      | Found a faded altar of an unknown god.
   406 | D:1      | Reached XP level 2. HP: 15/15 MP: 5/8
   810 | D:1      | Learned a level 2 spell: Static Discharge
  1203 | D:2      | Reached XP level 3. HP: 12/19 MP: 1/9
  1997 | D:3      | Reached XP level 4. HP: 24/24 MP: 8/11
  2036 | D:3      | Learned a level 3 spell: Swiftness
  2041 | D:3      | Learned a level 4 spell: Airstrike
  2284 | D:3      | Found a burning altar of Makhleb.
  2303 | D:3      | Found a bloodstained altar of Trog.
  2448 | D:3      | Reached skill level 4 in Air Magic
  2473 | D:3      | Reached XP level 5. HP: 10/28 MP: 2/13
  2780 | D:3      | Found Hosiz's Book Shop.
  2934 | D:3      | Found a blossoming altar of Fedhas.
  3475 | D:4      | Noticed a wyvern
  3478 | D:4      | Killed a wyvern
  3479 | D:4      | Reached skill level 5 in Air Magic
  3479 | D:4      | Reached XP level 6. HP: 19/32 MP: 4/15
  3719 | D:4      | Found a glowing silver altar of Zin.
  3719 | D:4      | Noticed an angel
  3968 | D:4      | Reached skill level 5 in Spellcasting
  4067 | D:4      | Reached skill level 5 in Conjurations
  4067 | D:4      | Reached XP level 7. HP: 28/36 MP: 7/16
  4232 | D:4      | Identified the +6 falchion of the Battered Tables {distort,
                  | Dex+2}
  4666 | D:4      | Found a snail-covered altar of Cheibriados.
  4722 | D:5      | Entered Level 5 of the Dungeon
  4729 | D:5      | Noticed Ijyb
  4734 | D:5      | Killed Ijyb
  4904 | D:5      | Reached skill level 6 in Air Magic
  5384 | D:5      | Reached XP level 8. HP: 35/41 MP: 11/19
  5594 | D:5      | Reached skill level 7 in Air Magic
  5598 | D:5      | Identified the +3 pair of gloves "Uliafiy" {rF+ Int+7}
  5993 | D:6      | Found a sacrificial altar of Ru.
  5993 | D:6      | Found a stormy altar of Qazlal.
  5995 | D:6      | Found a shimmering blue altar of Sif Muna.
  5995 | D:6      | Found an iron altar of Okawaru.
  5998 | D:6      | Became a worshipper of Sif Muna the Loreminder
  6334 | D:6      | Found Efubad's Lightly-Used Armoury.
  6499 | D:6      | Found Jytsant's Antique Armour Boutique.
  6671 | D:6      | Found a basalt altar of Yredelemnul.
  6800 | D:7      | Found a staircase to the Ecumenical Temple.
  6896 | D:7      | Reached skill level 1 in Invocations
  7007 | D:7      | Reached skill level 8 in Air Magic
  7206 | D:7      | Reached XP level 9. HP: 34/45 MP: 16/22
  7443 | D:7      | Reached * piety under Sif Muna
  7537 | D:7      | Found Ceomoopaich's Fire Supplies.
  7597 | D:7      | Found an opulent altar of Gozag.
  7640 | D:7      | Found a transporter.
  7645 | D:7      | Found a transporter.
  7650 | D:7      | Noticed Juicyj's ghost (novice MiFi)
  7650 | D:7      | Noticed a moth of wrath
  7651 | D:7      | Noticed a five-headed hydra
  7806 | D:7      | Found a broken altar of Ashenzari.
  7878 | D:8      | Found a flagged portal.
  7893 | Bailey   | Entered a bailey
  8075 | Bailey   | Noticed an orc knight
  8084 | Bailey   | Killed an orc knight
  8085 | Bailey   | Reached skill level 9 in Air Magic
  8417 | Bailey   | Noticed an orc high priest
  8419 | Bailey   | Identified a scroll of acquirement
  8419 | Bailey   | Acquired the +0 helmet "Disch" {Harm Dex+6}
  8545 | Bailey   | Reached ** piety under Sif Muna
  8559 | Bailey   | Acquired 838 gold pieces
  8628 | Bailey   | Noticed a kobold demonologist
  8662 | Bailey   | Found an iron altar of Okawaru.
  8674 | Bailey   | Killed a kobold demonologist
  8711 | Bailey   | Noticed a red devil
  8711 | Bailey   | Killed an orc high priest
  8712 | Bailey   | Reached skill level 10 in Air Magic
  8712 | Bailey   | Reached XP level 10. HP: 21/50 MP: 5/25
  9165 | Bailey   | Reached skill level 5 in Invocations
  9390 | D:8      | Noticed a death yak
  9404 | D:8      | Killed a death yak
  9588 | D:8      | Noticed a death yak
  9588 | D:8      | Noticed a death yak
 10243 | D:8      | Found a staircase to the Lair.
 10314 | D:8      | Noticed a green ugly thing
 10318 | D:8      | Killed a green ugly thing
 10319 | D:8      | Reached skill level 10 in Spellcasting
 10319 | D:8      | Reached skill level 11 in Air Magic
 11469 | D:10     | Entered Level 10 of the Dungeon
 11581 | D:10     | Noticed a catoblepas
 11730 | D:10     | Reached XP level 11. HP: 47/54 MP: 22/27
 11730 | D:10     | Reached *** piety under Sif Muna
 11901 | D:10     | Found a transporter.
 11904 | D:10     | Found a viscous altar of Jiyva.
 11940 | D:10     | Reached skill level 12 in Air Magic
 12017 | D:10     | Found the +5 scythe "Finisher" {speed, eviscerate}
 12112 | D:10     | Noticed a skeletal warrior
 12126 | D:10     | Found a radiant altar of Vehumet.
 12415 | D:10     | Killed a skeletal warrior
 12918 | D:10     | Slain by a catoblepas

Illustrated notes

Levels and vault maps discovered:
D:1:      minmay_arrival_doors, layout_basic,
          shapermc_ecumenical_altar_hornbeckon
D:2:      layout_rooms, minmay_ruptured
D:3:      layout_loops_corners, old_standard_altar, minitemple, serial_shops,
          shop
D:4:      layout_gridville, slow_altar_2, zin_angel, minmay_vboxes
D:5:      layout_basic, uniq_ijyb
D:6:      layout_loops_ring, yredelemnul_altar_generic,
          mainiacjoe_overflow_alcove_3, serial_shops, shop,
          hangedman_decor_push, minmay_fountain_box, minmay_shop_damaged
D:7:      layout_cave_pools, marbit_many_paths, nicolae_gozag_seed_capital,
          minmay_temple_entry_ruins, gammafunk_ghost_berserking_beasts,
          nicolae_shop_fire_sale [nicolae_sub_dead_trees],
          kennysheep_small_circle
D:8:      layout_rooms, dpeg_lair_monsters, enter_bailey_5
D:9:      nicolae_cairo_tiling_large, layout_irregular_city
D:10:     gammafunk_jiyva_shrine, layout_loops_ring, nicolae_vehumet_radiance,
          minmay_guarded_unrand_finisher

Skill      XL: |  1  2  3  4  5  6  7  8  9 10 11 |
---------------+----------------------------------+-----
Conjurations   | 2 3 4 5 6 7 8 |  8.0
Air Magic      | 4 5 6 8 10 11 12 | 12.2
Spellcasting   | 4 5 6 7 9 10 11 | 11.2
Invocations    | 1 4 6 7 |  7.3
Dodging        | |  2.4
Stealth        | |  2.4

Action                   |  1- 3 |  4- 6 |  7- 9 | 10-12 || total
-------------------------+-------+-------+-------+-------++-------
Melee: Unarmed           |     3 |       |       |       ||     3
       Falchion          |       |       |     1 |       ||     1
       Great mace        |       |       |       |     5 ||     5
 Cast: Shock             |    69 |    76 |   193 |    36 ||   374
       Static Discharge  |     2 |    10 |    47 |    16 ||    75
       Airstrike         |       |     1 |    17 |    61 ||    79
       Swiftness         |       |       |     1 |     2 ||     3
  Use: Scroll            |     7 |     6 |     4 |    10 ||    27
Armor: Robe              |     8 |     1 |    13 |    13 ||    35
Dodge: Dodged            |     6 |     6 |    39 |    16 ||    67

Table legend: (Time is in decaauts)
 A = Elapsed time spent in this place.
 B = Non-inter-level travel time spent in this place.
 C = Inter-level travel time spent in this place.
 D = Time resting spent in this place.
 E = Time spent auto-exploring this place.
 F = Levels seen in this place.
 G = Mean time per level.
                   A        B        C        D        E       F      G
               +--------+--------+--------+--------+--------+-----+--------+
         Total |  12936 |  12739 |    197 |   1747 |   9443 |  11 | 1176.0 |
       Dungeon |  11532 |  11335 |    197 |   1197 |   8780 |  10 | 1153.2 |
        Bailey |   1404 |   1404 |      0 |    550 |    662 |   1 | 1404.0 |
               +--------+--------+--------+--------+--------+-----+--------+

Top non-repeatable levels by time:
     D:7: 1552 daAuts
    D:10: 1451 daAuts
     D:3: 1450 daAuts
     D:4: 1418 daAuts
  Bailey: 1404 daAuts
     D:5: 1039 daAuts
     D:1: 1014 daAuts
     D:6: 994 daAuts
     D:8: 923 daAuts
     D:9: 847 daAuts
     D:2: 840 daAuts
